 Dungeon Crawl Stone Soup version 0.29-a0-380-gf50f0a9fbc (webtiles) character file.

Game seed: 8739838446816056357

14 lesaewzxc the Bolt Thrower (level 2, 0/16 HPs)
             Began as a Kobold Arcane Marksman on May 5, 2022.
             Slain by a jackal (2 damage)
             ... on level 1 of the Dungeon.
             The game lasted 00:02:56 (273 turns).

lesaewzxc the Bolt Thrower (Kobold Arcane Marksman)  Turns: 273, Time: 00:02:56

Health: 0/16       AC:  2    Str:  7    XL:     2   Next: 55%
Magic:  4/4        EV: 15    Int: 14    God:
Gold:   0          SH:  0    Dex: 15    Spells: 2/3 levels left

rFire   . . .      SeeInvis .   a - +0 hand crossbow
rCold   . . .      Faith    .   (no shield)
rNeg    . . .      Spirit   .   b - +0 robe
rPois   .          Reflect  .   (no helmet)
rElec   .          Harm     .   (no cloak)
rCorr   .          Rampage  .   (no gloves)
Will    .....                   (no boots)
Stlth   ++........              (no amulet)
HPRegen 0.05/turn               (no ring)
MPRegen 0.09/turn               (no ring)

@: flying
A: small, no large weapons, nightstalker 3
a: no special abilities


You were on level 1 of the Dungeon.
You visited 1 branch of the dungeon, and saw 1 of its levels.

Inventory:

Hand Weapons
 a - a +0 hand crossbow (weapon)
Armour
 b - a +0 robe (worn)
Scrolls
 c - a scroll of vulnerability
 d - a scroll of identify {unknown}
 f - a scroll of noise {unknown}


   Skills:
 + Level 1.3 Fighting
 * Level 3.2 Crossbows
 * Level 2.6 Dodging
 * Level 1.3 Spellcasting
 * Level 0.0 Conjurations
 * Level 3.0 Hexes
 * Level 0.2 Translocations


You had 2 spell levels left.
You knew the following spells:

 Your Spells              Type           Power      Damage    Failure   Level
a - Slow                  Hex            36%        N/A       7%          1

Your spell library contained the following spells:

 Spells                   Type           Power      Damage    Failure   Level
 Portal Projectile        Hex/Tloc       10%        N/A       36%         3
 Inner Flame              Hex/Fire       5%         N/A       38%         3
 Cause Fear               Hex            4%         N/A       56%         4
 Fireball                 Conj/Fire      0%         3d3       100%        5
 Iskenderun's Battlesphe  Conj           1%         2d6       100%        5
 Conjure Ball Lightning   Conj/Air       0%         3x3d6     100%        6
 Orb of Destruction       Conj           0%         9d5       100%        7


Dungeon Overview and Level Annotations

Branches:
Dungeon (1/15)

Altars:


Innate Abilities, Weirdness & Mutations

You are small and have problems with some larger weapons.
You are completely attuned to the shadows.


Message History

You see here 7 gold pieces.
The jackal attacks as you move away! The jackal closely misses you.
The bat barely misses you. The bat hits you but does no damage.
The jackal bites you. The jackal barely misses you.
The jackal bites you. x2; The bat misses you.
The jackal bites you.
Shoot: a) +0 hand crossbow
Press: ? - help, Shift-Dir - straight line, f/p - jackal
Aim: a jackal (53% to hit)
You shoot a bolt. The bolt hits the jackal!
You kill the jackal!
The bat completely misses you. The jackal misses you.
The jackal barely misses you. The bat misses you.
The jackal closely misses you.
Shoot: a) +0 hand crossbow
Press: ? - help, Shift-Dir - straight line, f - jackal
Aim: a jackal (heavily wounded, 53% to hit)
You shoot a bolt. The bolt barely misses the jackal.
The bolt barely misses the rat.
The bat closely misses you. The jackal barely misses you.
The jackal completely misses you.
A kobold comes into view. It is wielding a +0 club.
The jackal barely misses you. x2
Shoot: a) +0 hand crossbow
Press: ? - help, Shift-Dir - straight line, f/p - jackal
Aim: a jackal (heavily wounded, 53% to hit)
You shoot a bolt. The bolt barely misses the jackal.
The kobold shouts!
The jackal barely misses you. The rat bites you but does no damage.
The jackal bites you.
* * * LOW HITPOINT WARNING * * *
The jackal bites you.
* * * LOW HITPOINT WARNING * * *
The rat barely misses you.
It was a potion of flight.
You feel very buoyant.
You fly up into the air.
The jackal misses you.
The jackal bites you but does no damage.
The jackal closely misses you. The rat bites you but does no damage.
The jackal closely misses you. The jackal bites you.
You die...

#.### #...## .. ..# ##.#..#
...##.####.....#
...#...##...# ..........#.#
....†$.b###.#
##....rh###.####
#...K.h@......#
.###.÷.#...........#
.......#..............#
...........#..........# ....
#..#.......##[####
....###.....###.....##
.....................##
##.##.###.#......#.#..#
##.##.###.#........##.#######


You could see 2 jackals, a bat, a kobold and a rat.

Vanquished Creatures
  A dart slug (D:1)
  An endoplasm (D:1)
  2 giant cockroaches (D:1)
  2 hobgoblins (D:1)
  2 jackals (D:1)
  A quokka (D:1)
9 creatures vanquished.

Notes
Turn   | Place    | Note
-------+----------+-------------------------------------------
     0 | D:1      | lesaewzxc the Kobold Arcane Marksman began the quest for
                  | the Orb.
     0 | D:1      | Reached XP level 1. HP: 12/12 MP: 2/2
    94 | D:1      | Reached XP level 2. HP: 15/16 MP: 4/4
   273 | D:1      | Slain by a jackal

Illustrated notes

Levels and vault maps discovered:
D:1:      dpeg_arrival_simpleton_b, layout_rooms

Skill      XL: |  1  2 |
---------------+-------+-----
Crossbows      | 3 |  3.2
Fighting       | |  1.3
Dodging        | |  2.6
Spellcasting   | |  1.3
Hexes          | |  3.0
Translocations | |  0.2

Action                   || total
-------------------------++-------
 Fire: Hand crossbow     ||    23
  Use: Scroll            ||     1
       Potion            ||     1
Armor: Robe              ||     7
Dodge: Dodged            ||    31

Table legend: (Time is in decaauts)
 A = Elapsed time spent in this place.
 B = Non-inter-level travel time spent in this place.
 C = Inter-level travel time spent in this place.
 D = Time resting spent in this place.
 E = Time spent auto-exploring this place.
 F = Levels seen in this place.
 G = Mean time per level.
                   A        B        C        D        E       F      G
               +--------+--------+--------+--------+--------+-----+--------+
         Total |    281 |    281 |      0 |      0 |    109 |   1 |  281.0 |
       Dungeon |    281 |    281 |      0 |      0 |    109 |   1 |  281.0 |
               +--------+--------+--------+--------+--------+-----+--------+

Top non-repeatable levels by time:
     D:1: 281 daAuts
